 Dungeon Crawl Stone Soup version 0.31.0-1-g2c135a008e (webtiles) character file.

Game seed: 6371484878095298524

171 qw the Shooter (level 5, -5/40 HPs)
             Began as a Djinni Hunter on Jan 23, 2024.
             Was an Initiate of Okawaru.
             Killed by nerve-wracking pain
             ... invoked by an orc priest
              (13 damage)
             ... on level 4 of the Dungeon.
             The game lasted 00:00:07 (2644 turns).

qw the Shooter (Djinni Hunter)                      Turns: 2644, Time: 00:00:08

Health: -5/40      AC:  4    Str: 10    XL:     5   Next: 81%
Gold:   226        EV: 13    Int: 10    God:    Okawaru [......] SH:  0 Dex: 19

rFire   + + .        a - +0 shortbow (freeze)
rCold   . . .        (shield currently unavailable)
rNeg    . . .        c - +0 leather armour
rPois   inf          d - +0 helmet
rElec   .            (no cloak)
rCorr   +            (no gloves)
SInv    .            (boots unavailable)
Will    .....        (no amulet)
Stlth   ++           i - ring of protection from cold
HPRegen 0.26/turn    j - ring of resist corrosion
MPRegen 0.00/turn

%: infuse magic (-6 HP)
@: flying
A: sickness immunity, fire resistance 2, cold vulnerability 1, float, innate
caster, HP casting, extra vitality 1
a: Renounce Religion


You were on level 4 of the Dungeon.
You worshipped Okawaru.
Okawaru was noncommittal.
You visited 1 branch of the dungeon, and saw 4 of its levels.

You collected 226 gold pieces.


Innate Abilities, Weirdness & Mutations

You are immune to sickness and miasma.
You are immune to poison.
Your flesh is very heat resistant. (rF++)
You are vulnerable to cold. (rC-)
You float through the air rather than walking.
You learn spells naturally, not from books.
Your magical power is your life essence.
You have superior vitality. (+4 MHP)


   Skills:
 - Level 3.0 Fighting
 + Level 4.8 Ranged Weapons
 - Level 3.0 Dodging
 - Level 0.7 Stealth


You knew the following spells:

 Your Spells              Type           Power      Damage    Failure   Level
a - Foxfire               Conj/Fire      0%         2x1d4     45%         1
b - Ensorcelled Hibernat  Hex/Ice        0%         N/A       61%         2
Your spell library was empty.

Inventory:

Hand Weapons
 a - a +0 shortbow of freezing (weapon)
Armour
 c - a +0 leather armour (worn)
 d - a +0 helmet (worn)
Jewellery
 i - a ring of protection from cold (left hand)
 j - a ring of resist corrosion (right hand)
 Y - a ring of ice
Scrolls
 g - a scroll of teleportation
Potions
 b - a potion of cancellation
 e - 2 potions of curing {unknown}
 f - a potion of heal wounds

Dungeon Overview and Level Annotations

Branches:
Dungeon (4/15)
 Temple: D:4-7

Altars:
Cheibriados
Okawaru

Shops:
D:1 =


Message History

You shoot an arrow.
The arrow closely misses the orc wizard.
You shoot an arrow.
The arrow hits the orc wizard but does no damage.
The orc wizard is lightly wounded.
The orc wizard hits you with a +0 dagger.
A magic dart appears from out of thin air!
The magic dart hits you.
You shoot an arrow.
The arrow hits the orc wizard but does no damage.
The orc wizard is lightly wounded.
The orc misses you.
The orc wizard hits you but does no damage.
You shoot an arrow. The arrow barely misses the orc wizard.
The orc priest calls upon Beogh to heal the orc wizard.
The orc wizard's wounds heal themselves!
The orc hits you but does no damage.
A puff of flame appears from out of thin air!
The puff of flame hits you. You resist.
The orc wizard points at you and mumbles some strange words.
The magic dart hits you.
You shoot an arrow. The arrow hits the orc wizard!
The arrow freezes the orc wizard.
The orc wizard is severely wounded.
The orc wizard misses you.
You shoot an arrow. The arrow hits the orc wizard.
The arrow freezes the orc wizard.
You kill the orc wizard!
Okawaru accepts your kill. The orc closely misses you.
The orc barely misses you.
An orc wizard comes into view. It is wielding a +0 dagger.
Something hits you but does no damage. The orc priest hits you with a +0 club.
You shoot an arrow. The arrow barely misses the orc priest.
The orc wizard shouts!
You hear a shout!
You hear some strange, mumbled words.
A magic dart appears from out of thin air!
The magic dart hits you.
The orc priest mumbles some strange prayers to Beogh against you.
Pain shoots through your body!
You die...

.....................#
....o...............###
........#........#....#
...........#.....##..##
..........##....###..#
..........#..#...##..###
..........#..#...#....#.
.................###....
......{@o##....#........
......o..##...##........
....##..###.............
##. ##.. ..............
# ... ..###.#.......
........#..##......
...........##......
............# #.........
.............#
#...##....


You could see an orc priest, an orc wizard and an orc.

Vanquished Creatures
  A bombardier beetle (D:3)
  A jelly (D:4)
  An orc wizard (D:4)
  4 adders
  3 dart slugs
  An orc (D:4)
  3 endoplasms
  A giant cockroach (D:3)
  3 goblins (D:1)
  3 hobgoblins
  3 jackals (D:3)
  3 quokkas (D:1)
  4 ball pythons
  2 bats (D:3)
  5 frilled lizards
  4 kobolds
  7 rats
49 creatures vanquished.

Notes
Turn   | Place    | Note
-------+----------+-------------------------------------------
     0 | D:1      | qw the Djinni Hunter began the quest for the Orb.
     0 | D:1      | Reached XP level 1. HP: 18/18 MP: 0/0
     0 | D:1      | 0 ||| qw: Version: 0.3-a-134-g2ba4250
     0 | D:1      | 0 ||| qw: Game counter: 668
     0 | D:1      | 0 ||| qw: Melee chars always use a shield: true
     0 | D:1      | 0 ||| qw: God list: Okawaru
     0 | D:1      | 0 ||| qw: Allow faded altars: false
     0 | D:1      | 0 ||| qw: Do Orc after clearing Dungeon:15 true
     0 | D:1      | 0 ||| qw: Do second Lair branch before Depths: true
     0 | D:1      | 0 ||| qw: Lair rune preference: random
     0 | D:1      | 0 ||| qw: Goals: Normal
     0 | D:1      | 0 ||| PLANNING D:1-11
   110 | D:1      | Reached XP level 2. HP: 16/23 MP: 0/0
   181 | D:1      | Found Cumixy's Jewellery Shop.
   186 | D:1      | 186 ||| SHOPLISTING +6 ring of strength (396 gold, have
                  | 30).
   186 | D:1      | 186 ||| SHOPLISTING amulet of the acrobat (330 gold, have
                  | 30).
   186 | D:1      | 186 ||| SHOPLISTING ring of ice (275 gold, have 30).
   186 | D:1      | 186 ||| SHOPLISTING ring of positive energy (220 gold, have
                  | 30).
   186 | D:1      | 186 ||| SHOPLISTING ring of protection from fire (275 gold,
                  | have 30).
   186 | D:1      | 186 ||| SHOPLISTING ring of see invisible (165 gold, have
                  | 30).
   957 | D:1      | 957 ||| UPGRADING to ring of ice.
   958 | D:1      | 958 ||| READING 5 scrolls labelled IFFIATA YVOE.
   958 | D:1      | 958 ||| IDENTIFYING glowing ruby potion
   959 | D:1      | 959 ||| READING 4 scrolls of identify.
   959 | D:1      | 959 ||| IDENTIFYING red potion
   960 | D:1      | 960 ||| READING 3 scrolls of identify.
   960 | D:1      | 960 ||| IDENTIFYING scroll labelled GOMOHE LUEMNIO
   961 | D:1      | 961 ||| DROPPING scroll of butterflies.
   962 | D:1      | 962 ||| DROPPING scroll of fog.
   963 | D:1      | 963 ||| DROPPING potion of lignification.
  1132 | D:2      | Reached skill level 4 in Ranged Weapons
  1132 | D:2      | Reached XP level 3. HP: 28/28 MP: 0/0
  1132 | D:2      | Learned a level 1 spell: Foxfire
  1542 | D:2      | 1542 ||| UPGRADING to ring of resist corrosion.
  1543 | D:2      | 1543 ||| READING 2 scrolls of identify.
  1543 | D:2      | 1543 ||| IDENTIFYING fuming amethyst potion
  1544 | D:2      | 1544 ||| READING scroll of identify.
  1544 | D:2      | 1544 ||| IDENTIFYING scroll labelled ITRUET URCHUMI
  1545 | D:2      | 1545 ||| READING scroll labelled DIZILU GABAWN.
  1549 | D:2      | 1549 ||| READING scroll labelled SAURAK NYIX.
  1549 | D:2      | 1549 ||| ENCHANTING +0 shortbow.
  1550 | D:2      | 1550 ||| DROPPING scroll of immolation.
  1557 | D:3      | Found a snail-covered altar of Cheibriados.
  1585 | D:3      | Reached XP level 4. HP: 23/34 MP: 0/0
  1594 | D:3      | Reached skill level 3 in Fighting
  1669 | D:3      | Found an iron altar of Okawaru.
  1670 | D:3      | 1670 ||| PLANNING OKAWARU WORSHIP
  1681 | D:3      | Became a worshipper of Warmaster Okawaru
  1682 | D:3      | 1682 ||| PLANNING D:1-11
  1895 | D:3      | Reached skill level 3 in Dodging
  2204 | D:3      | Found a faded altar of an unknown god.
  2347 | D:3      | Reached XP level 5. HP: 40/40 MP: 0/0
  2347 | D:3      | Learned a level 2 spell: Ensorcelled Hibernation
  2469 | D:3      | 2469 ||| UPGRADING to +0 helmet.
  2474 | D:3      | 2474 ||| UPGRADING to ring of protection from cold.
  2476 | D:3      | 2476 ||| READING 2 scrolls of identify.
  2476 | D:3      | 2476 ||| IDENTIFYING scroll labelled MIANTU HICLY
  2477 | D:3      | 2477 ||| READING scroll of brand weapon.
  2477 | D:3      | 2477 ||| BRANDING +0 shortbow.
  2478 | D:3      | 2478 ||| READING scroll of identify.
  2478 | D:3      | 2478 ||| IDENTIFYING 2 scrolls labelled QOJEHONISCH
  2479 | D:3      | 2479 ||| DROPPING 2 scrolls of amnesia.
  2644 | D:4      | HP: 8/40 [something/magic dart (6)]
  2644 | D:4      | Killed from afar by an orc priest

Levels and vault maps discovered:
D:1:      lightli_arrival_windingriver, layout_basic, serial_shops,
          nicolae_shop_hallway_plus, minmay_heptomino_o4
D:2:      layout_loops_ring
D:3:      layout_basic, mainiacjoe_overflow_six_doors_small,
          mainiacjoe_overflow_large_starburst, chequers_ecumenical_altar_lobes
D:4:      layout_cave_pools, minmay_temple_entry_tees

Skill      XL: |  1  2  3  4 |
---------------+-------------+-----
Ranged Weapons | 4 |  4.8
Fighting       | 3 |  3.0
Dodging        | 3 |  3.0
Stealth        | |  0.7

Action                     |  1- 3 |  4- 6 || total
---------------------------+-------+-------++-------
   Fire: Shortbow          |    89 |    63 ||   152
    Use: Scroll            |     7 |     3 ||    10
 Armour: Leather armour    |    27 |    18 ||    45
  Dodge: Dodged            |    29 |    20 ||    49

Table legend:
 A = Non-vault XP
 B = Vault XP
 C = Vault XP percentage of total XP
 D = Non-vault monster count
 E = Vault monster count
 F = Vault count percentage of total count
                 A         B        C        D         E       F
            +---------+---------+-------+---------+---------+-------
      Total |     242 |       3 |   1.2 |      47 |       2 |   4.1
            +---------+---------+-------+---------+---------+-------
        D:1 |      22 |       3 |  12.0 |      14 |       2 |  12.5
        D:2 |      28 |       0 |   0.0 |       8 |       0 |   0.0
        D:3 |     106 |       0 |   0.0 |      20 |       0 |   0.0
        D:4 |      86 |       0 |   0.0 |       5 |       0 |   0.0
            +---------+---------+-------+---------+---------+-------
